 Dungeon Crawl Stone Soup version 0.21.1-1-g345015f (webtiles) character file.

31 inc the Chiller (level 3, -4/14 HPs)
             Began as a Felid Ice Elementalist on Feb 26, 2018.
             Slain by an orc priest (6 damage)
             ... on level 3 of the Dungeon.
             The game lasted 00:01:34 (1267 turns).

inc the Chiller (Felid Ice Elementalist)            Turns: 1267, Time: 00:01:34

Health: -4/14      AC:  1    Str:  4    XL:     3   Next: 7%
Magic:  2/7        EV: 18    Int: 17    God:
Gold:   48         SH:  0    Dex: 16    Spells: 5/6 levels left
                                        Lives:  0   Deaths: 0

rFire    . . .     SeeInvis +   (weapon unavailable)
rCold    . . .     Gourm    .   (shield unavailable)
rNeg     . . .     Faith    .   (armour unavailable)
rPois    .         Spirit   .   (helmet unavailable)
rElec    .         Reflect  .   (cloak unavailable)
rCorr    .         Harm     .   (gloves unavailable)
MR       .....                  (boots unavailable)
Stlth    +++.......             (no amulet)
HPRegen  0.04/turn              (no ring)
MPRegen  0.10/turn              (no ring)

@: quick
A: very small, no armour, no weapons or thrown items, stealth, claws 1, fangs 3,
see invisible, carnivore, speed 1, shaggy fur 1, slow metabolism 1, sharp paws
a: no special abilities


You were on level 3 of the Dungeon.
You were not hungry.

You visited 1 branch of the dungeon, and saw 3 of its levels.

You collected 48 gold pieces.

Inventory:

Jewellery
 e - an uncursed ring of protection from magic {unknown}
Scrolls
 g - 2 scrolls of teleportation {unknown}
 h - 2 scrolls of random uselessness {unknown}
 i - a scroll of identify {unknown}
 j - a scroll of remove curse {unknown}
Potions
 c - 2 potions of lignification {unknown}
 d - a potion of heal wounds {unknown}
 f - a potion of flight {unknown}
Books
 a - a book of Frost

   Spells                             Type                      Level
   a - Freeze                         Ice                          1
   b - Throw Frost                    Conjuration/Ice              2
   c - Ozocubu's Armour               Charms/Ice                   3
   d - Throw Icicle                   Conjuration/Ice              4
   e - Summon Ice Beast               Ice/Summoning                4
Comestibles
 b - a ration


   Skills:
 - Level 2.6 Dodging
 - Level 2.6 Stealth
 - Level 2.0 Spellcasting
   Level 0.8 Conjurations
 + Level 3.9 Ice Magic


You had 5 spell levels left.
You knew the following spells:

 Your Spells              Type           Power        Failure   Level  Hunger
a - Freeze                Ice            ##..         3%          1    #......


Dungeon Overview and Level Annotations

Branches:
Dungeon (3/15)

Altars:

Annotations:
D:2 Robin


Innate Abilities, Weirdness & Mutations

You cannot wear armour.
You are incapable of wielding weapons or throwing items.
Your paws allow you to move quietly. (Stealth)
You have sharp claws.
You have razor-sharp teeth.
You have supernaturally acute eyesight. (SInv)
You are carnivorous and can eat meat at any time.
You cover ground quickly.
You are covered in fur. (AC +1)
You have a slow metabolism.
Your sharp claws are effective at attacking unaware monsters.


Message History

The orc priest miscasts a cantrip.
The orc hits you with a dagger.
Casting: Freeze
Confirm with . or Enter, or press ? or * to list all spells.
Aiming: Freeze
Press: ? - help, Shift-Dir - straight line, f/p - orc priest
Aim: an orc priest (lightly wounded)
You freeze the orc priest.
The orc priest is heavily wounded.
The orc priest hits you. The orc hits you with a dagger.
* * * LOW HITPOINT WARNING * * *
Casting: Freeze
Confirm with . or Enter, or press ? or * to list all spells.
Aiming: Freeze
Press: ? - help, Shift-Dir - straight line, f/p - orc priest
Aim: an orc priest (heavily wounded)
You freeze the orc priest.
The orc priest is heavily wounded.
The orc priest hits you.
You die...

## ..# .# #.# .# ..[ .#
#.# .# #.# .########
#.####### .........
###.#.<....
.############.....######
.##............)@.......
.##.############oo..###.
)##.# #.##..... ....#
........# ##### #####
........' # #.......# #
#.......# # #.......# #
#.......#


You could see an orc priest and an orc.

Vanquished Creatures
  A worm (D:2)
  An orc (D:3)
  2 bats
  5 goblins
  7 hobgoblins
  2 jackals (D:1)
  A kobold (D:1)
  A ball python (D:1)
  A frilled lizard (D:2)
  2 rats
23 creatures vanquished.

Notes
Turn   | Place    | Note
-------+----------+-------------------------------------------
     0 | D:1      | inc the Felid Ice Elementalist began the quest for the Orb.
     0 | D:1      | Reached XP level 1. HP: 7/7 MP: 4/4
    32 | D:1      | Reached skill level 3 in Ice Magic
    86 | D:1      | Reached XP level 2. HP: 2/11 MP: 0/6
   860 | D:2      | Noticed Robin
  1078 | D:3      | Reached XP level 3. HP: 10/14 MP: 4/7
  1179 | D:3      | Found a faded altar of an unknown god.
  1267 | D:3      | Slain by an orc priest

Skill      XL: |  1 |
---------------+----+-----
Ice Magic      | 3 |  3.9
Dodging        | |  2.6
Stealth        | |  2.6
Spellcasting   | |  2.0
Conjurations   | |  0.8

Action                   || total
-------------------------++-------
Melee: Unarmed           ||    11
       Bite              ||     1
 Cast: Freeze            ||    37
 Stab: Sleeping          ||     2
Armor: Skin              ||     2
Dodge: Dodged            ||    19
